 Dungeon Crawl Stone Soup version 0.29.1-4-g47bece8355 (webtiles) character file.

Game seed: 11296797034810939282

857 Lutefisk the Chiller (level 7, -1/52 (54) HPs)
             Began as a Vampire Ice Elementalist on Dec 4, 2022.
             Was a Follower of Sif Muna.
             Killed by divine providence
             ... invoked by an orc priest
              (14 damage)
             ... on level 6 of the Dungeon.
             The game lasted 00:18:54 (1992 turns).

Lutefisk the Chiller (Vampire Ice Elementalist)     Turns: 1992, Time: 00:18:55

HP:   -1/52 (54)    AC: 10    Str:  7    XL:     7   Next: 70%
MP:   9/11          EV: 14    Int: 17    God:    Sif Muna [*.....]
Gold: 207           SH:  0    Dex: 17    Spells: 1/12 levels left

rFire   + . .      SeeInvis +   r - +0 rapier
rCold   . . .      Faith    .   (no shield)
rNeg    . . .      Spirit   .   a - +0 robe
rPois   +          Reflect  .   j - +0 helmet
rElec   .          Harm     .   (no cloak)
rCorr   .          Rampage  .   (no gloves)
Will    .....                   k - +0 pair of boots
Stlth   +++.......              h - amulet of magic regeneration
HPRegen 0.37/turn               u - ring of protection from fire
MPRegen 0.52/turn               v - ring of poison resistance

@: ice-armoured, attractive, healing quickly, lightly drained
A: alive, fangs 3, see invisible, vampiric 2
a: Exsanguinate, Renounce Religion, Channel Magic


You were on level 6 of the Dungeon.
You worshipped Sif Muna.
Sif Muna was aware of your devotion.
You visited 2 branches of the dungeon, and saw 7 of its levels.

You collected 207 gold pieces.

Inventory:

Hand Weapons
 r - a +0 rapier (weapon)
 s - a +0 trident
Missiles
 o - 10 poisoned darts (quivered)
 q - 5 atropa-tipped darts
Armour
 a - a +0 robe (worn)
 j - a +0 helmet (worn)
 k - a +0 pair of boots (worn)
Jewellery
 h - an amulet of magic regeneration (around neck)
 u - a ring of protection from fire (left hand)
 v - a ring of poison resistance (right hand)
 y - a ring of positive energy
Wands
 p - a wand of paralysis (8)
Scrolls
 c - 2 scrolls of magic mapping {unknown}
 d - 2 scrolls of immolation {unknown}
 e - 5 scrolls of identify
 i - 3 scrolls of blinking
 l - a scroll of enchant armour {unknown}
 m - a scroll of amnesia {unknown}
 t - a scroll of vulnerability {unknown}
 w - a scroll of torment {unknown}
Potions
 b - a potion of magic
 f - a potion of attraction
 g - a potion of curing
 n - a potion of degeneration {unknown}
 x - a potion of heal wounds {unknown}
 z - a potion of berserk rage {unknown}


   Skills:
 - Level 4.0 Fighting
 - Level 1.0 Armour
 * Level 4.9 Dodging
 - Level 4.0 Stealth
 - Level 3.0 Spellcasting
 - Level 1.0 Conjurations
 - Level 6.0 Ice Magic
 - Level 1.0 Invocations
 - Level 1.0 Evocations


You had one spell level left.
You knew the following spells:

 Your Spells              Type           Power      Damage    Failure   Level
a - Freeze                Ice            88%        1d10      1%          1
b - Frozen Ramparts       Ice            44%        1d7       4%          3
c - Ozocubu's Armour      Ice            22%        N/A       4%          3
d - Hailstorm             Conj/Ice       14%        3d5       38%         4

Your spell library contained the following spells:

 Spells                   Type           Power      Damage    Failure   Level
 Apportation              Tloc           4%         N/A       17%         1
 Necrotise                Necr           8%         1d4       17%         1
 Summon Small Mammal      Summ           8%         N/A       17%         1
 Sublimation of Blood     Necr           2%         N/A       26%         2
 Vampiric Draining        Necr           2%         2d6       45%         3
 Petrify                  Tmut/Erth      2%         N/A       86%         4
 Irradiate                Conj/Tmut      2%         3d12      98%         5
 Agony                    Necr           2%         N/A       99%         5


Dungeon Overview and Level Annotations

Branches:
Dungeon (6/15)             Temple (1/1) D:5

Altars:
Ashenzari
Cheibriados
Dithmenos
Fedhas
Hepliaklqana
Nemelex Xobeh
Okawaru
Ru
Sif Muna
Trog
Vehumet

Annotations:
D:2 Sigmund


Innate Abilities, Weirdness & Mutations

Your natural rate of healing is accelerated.
You have razor-sharp teeth.
You have supernaturally acute eyesight. (SInv)
You are afflicted with vampirism and can become a bat while bloodless.


Message History

Throw: 13 darts (poison)
Press: ? - help, Q - select action, (/) - cycle Shift-Dir - straight line, f/p - orc priest
Aim: an orc priest, wielding a +0 short sword and wearing a +0 leather armour (poisoned, 62% to hit)
You throw a poisoned dart. The poisoned dart hits the orc priest.
The orc shouts!
You hear a shout! x2
An orc comes into view. It is wielding a +0 dagger.
Throw: 12 darts (poison)
Press: ? - help, Q - select action, (/) - cycle Shift-Dir - straight line, f/p - orc priest
Aim: an orc priest, wielding a +0 short sword and wearing a +0 leather armour (poisoned, 62% to hit)
You throw a poisoned dart.
The poisoned dart completely misses the orc priest.
The orc priest invokes the aid of Beogh against you.
Pain shoots through your body!
Throw: 11 darts (poison)
Press: ? - help, Q - select action, (/) - cycle Shift-Dir - straight line, f/p - orc priest
Aim: an orc priest, wielding a +0 short sword and wearing a +0 leather armour (lightly wounded, poisoned, 62% to hit)
You throw a poisoned dart. The poisoned dart hits the orc priest.
The orc priest looks even sicker.
The orc priest is lightly wounded.
Casting: Freeze (safe; 1% risk of failure)
Confirm with . or Enter, or press ? or * to list all spells.
Casting: Frozen Ramparts (dangerous; 4% risk of failure)
Press: ? - help, Dir - look around, f - activate A stone staircase leading up.
Okay, then.
Casting: Frozen Ramparts (dangerous; 4% risk of failure)
Confirm with . or Enter, or press ? or * to list all spells.
A film of ice covers your body!
The orc priest mumbles some strange prayers to Beogh against you.
Beogh smites you!
* * * LOW HITPOINT WARNING * * *
It was a potion of attraction.
You feel attractive to monsters. The orc is attracted toward you. x2
It was a potion of curing.
You feel better.
An orc comes into view. It is wielding a +0 short sword.
The orc priest invokes the aid of Beogh against you.
Beogh smites you!
You die...

# ### .#
..###.
#.... #...#
#...# #...#
#@..#
#oo......
#oo......
#ยงยง(.##.#
#..(... #
#...(.##
###.(.#
.o##


You could see an orc priest (very poisoned) and 4 orcs.

Vanquished Creatures
  A hornet (D:4)
  A kobold brigand (D:6)
  A necrophage (D:6)
  2 scorpions (D:5)
  A jelly (D:5)
  3 hounds
  2 iguanas (D:5)
  A gnoll bouda (D:5)
  An orc wizard (D:5)
  6 gnolls
  6 adders
  2 white imps (D:5)
  4 dart slugs
  11 orcs
  3 bats
  8 endoplasms
  2 giant cockroaches
  3 goblins
  2 hobgoblins
  7 kobolds
  3 quokkas
  5 ball pythons
  A frilled lizard (D:3)
  A rat (D:2)
77 creatures vanquished.

Notes
Turn   | Place    | Note
-------+----------+-------------------------------------------
     0 | D:1      | Lutefisk the Vampire Ice Elementalist began the quest for
                  | the Orb.
     0 | D:1      | Reached XP level 1. HP: 13/13 MP: 3/3
    56 | D:1      | Reached skill level 1 in Fighting
   138 | D:1      | Reached XP level 2. HP: 15/21 MP: 3/5
   154 | D:2      | Noticed Sigmund
   409 | D:2      | Gained mutation: You are afflicted with vampirism and can
                  | become a bat while bloodless. [Vampire growth]
   409 | D:2      | Reached XP level 3. HP: 28/28 MP: 4/6
   619 | D:3      | Learned a level 3 spell: Frozen Ramparts
   741 | D:3      | Reached XP level 4. HP: 15/35 MP: 4/7
   814 | D:3      | Reached skill level 1 in Evocations
  1074 | D:4      | Reached XP level 5. HP: 39/41 MP: 5/8
  1189 | D:4      | Learned a level 3 spell: Ozocubu's Armour
  1198 | D:4      | Noticed a hornet
  1206 | D:4      | Killed a hornet
  1207 | D:4      | Reached skill level 5 in Ice Magic
  1207 | D:4      | Reached XP level 6. HP: 47/47 MP: 9/9
  1274 | D:4      | Found a blossoming altar of Fedhas.
  1379 | D:5      | Entered Level 5 of the Dungeon
  1405 | D:5      | Found a staircase to the Ecumenical Temple.
  1411 | Temple   | Entered the Ecumenical Temple
  1438 | Temple   | Became a worshipper of Sif Muna the Loreminder
  1611 | D:5      | Found a sacrificial altar of Ru.
  1637 | D:5      | Reached XP level 7. HP: 45/54 MP: 11/11
  1681 | D:5      | Reached skill level 1 in Armour
  1681 | D:5      | Reached skill level 1 in Invocations
  1764 | D:5      | Found a snail-covered altar of Cheibriados.
  1858 | D:5      | Reached skill level 6 in Ice Magic
  1866 | D:5      | Learned a level 4 spell: Hailstorm
  1887 | D:5      | Reached * piety under Sif Muna
  1961 | D:6      | Noticed a gargoyle
  1962 | D:6      | Reached skill level 1 in Conjurations
  1992 | D:6      | Killed from afar by an orc priest

Illustrated notes

Levels and vault maps discovered:
D:1:      dpeg_arrival_shrine, layout_loops_cross
D:2:      wander_river, layout_loops_cross, amcnicky_mini_corridor_feature,
          uniq_sigmund
D:3:      layout_loops_ring
D:4:      layout_basic, fedhas_altar_2
D:5:      layout_rooms, hangedman_ru_absence, marbit_many_paths,
          minmay_temple_entry_fiery, hangedman_decor_opposing,
          kennysheep_cluttered_room, kennysheep_generic_room_14
D:6:      layout_rooms, gammafunk_temple_overflow_arena
Temple:   nicolae_temple_bog_church

Skill      XL: |  1  2  3  4  5  6  7 |
---------------+----------------------+-----
Fighting       | 1 2 3 4 |  4.0
Dodging        | 3 4 |  4.9
Evocations     | 1 |  1.0
Ice Magic      | 5 6 |  6.0
Stealth        | 4 |  4.0
Spellcasting   | 3 |  3.0
Armour         | 1 |  1.0
Invocations    | 1 |  1.0
Conjurations   | 1 |  1.0

Action                   |  1- 3 |  4- 6 |  7- 9 || total
-------------------------+-------+-------+-------++-------
Melee: Dagger            |    21 |     1 |       ||    22
       Unarmed           |     2 |       |       ||     2
       Bite              |     2 |     9 |     8 ||    19
       Rapier            |       |    48 |    35 ||    83
       Punch             |       |       |     1 ||     1
Throw: Dart              |       |     3 |     6 ||     9
 Cast: Freeze            |    38 |    18 |    24 ||    80
       Frozen Ramparts   |     1 |     6 |     6 ||    13
       Ozocubu's Armour  |       |     3 |     3 ||     6
Evoke: Wand              |       |     2 |       ||     2
  Use: Scroll            |       |       |     2 ||     2
       Potion            |       |       |     2 ||     2
 Stab: Sleeping          |     5 |     3 |     1 ||     9
       Paralysed         |       |     4 |       ||     4
Armor: Robe              |    12 |     6 |    17 ||    35
Dodge: Dodged            |    36 |    45 |    41 ||   122
